 Dungeon Crawl Stone Soup version 0.29.1-15-g9cfb28693d (webtiles) character file.

Game seed: 9297933678902121902

74 protoss039 the Digger (level 4, 29/33 HPs)
             Began as a Demonspawn Earth Elementalist on Mar 13, 2023.
             Got out of the dungeon alive.
             The game lasted 00:02:26 (1635 turns).

protoss039 the Digger (DsEE)                        Turns: 1635, Time: 00:02:26

Health: 29/33      AC:  4    Str:  8    XL:     4   Next: 9%
Magic:  7/7        EV: 12    Int: 21    God:
Gold:   82         SH:  0    Dex: 13    Spells: 2/8 levels left

rFire   . . .      SeeInvis .   d - +0 club
rCold   . . .      Faith    .   (no shield)
rNeg    . . .      Spirit   .   a - +0 robe
rPois   +          Reflect  .   l - +1 hat
rElec   .          Harm     .   (no cloak)
rCorr   .          Rampage  .   (no gloves)
Will    .....                   h - +0 pair of boots {Fly}
Stlth   ++........              (no amulet)
HPRegen 0.11/turn               j - ring of poison resistance
MPRegen 0.20/turn               (no ring)

@: flying
A: ignite blood 1, magic regeneration, big brain 1
a: no special abilities


You escaped.
You visited 1 branch of the dungeon, and saw 2 of its levels.

You collected 82 gold pieces.

Inventory:

Hand Weapons
 d - a +0 club (weapon)
Armour
 a - a +0 robe (worn)
 h - a +0 pair of boots of flying (worn)
 l - a +1 hat (worn)
Jewellery
 j - a ring of poison resistance (left hand)
Scrolls
 c - 2 scrolls of poison {unknown}
 e - 2 scrolls of identify {unknown}
 g - a scroll of fear {unknown}
 i - 3 scrolls of noise {unknown}
 m - a scroll of amnesia {unknown}
 n - a scroll of enchant armour {unknown}
Potions
 b - 2 potions of magic
 f - 2 potions of curing {unknown}
 k - a potion of attraction {unknown}
 o - a potion of degeneration {unknown}


   Skills:
 + Level 1.7 Fighting
 * Level 1.0 Armour
 - Level 1.7 Dodging
 - Level 1.7 Stealth
 + Level 2.6 Spellcasting
 + Level 0.5 Conjurations
 - Level 0.8 Transmutations
 + Level 3.3 Earth Magic


You had 2 spell levels left.
You knew the following spells:

 Your Spells              Type           Power      Damage    Failure   Level
a - Sandblast             Erth           32%        2d9       3%          1
b - Passwall              Tmut/Erth      9%         N/A       9%          2
c - Stone Arrow           Conj/Erth      20%        3d8       19%         3

Your spell library contained the following spells:

 Spells                   Type           Power      Damage    Failure   Level
 Petrify                  Tmut/Erth      11%        N/A       50%         4


Dungeon Overview and Level Annotations

Branches:
Dungeon (2/15) Zot: 10324

Altars:


Innate Abilities, Weirdness & Mutations

Your demonic aura sometimes causes spilled blood to erupt in flames.
You regenerate magic rapidly.
You have an unusually large brain. (Int +2)


Message History

Aiming: Sandblast (safe; 3% risk of failure)
Press: ? - help, Shift-Dir - straight line, f - hobgoblin
Aim: a hobgoblin (82% to hit)
You miscast Sandblast.
You are very lightly contaminated with residual magic.
Nothing appears to happen.
The hobgoblin hits you but does no damage.
Unknown command.
Casting: Sandblast (safe; 3% risk of failure)
Confirm with . or Enter, or press ? or * to list all spells.
Aiming: Sandblast (safe; 3% risk of failure)
Press: ? - help, Shift-Dir - straight line, f/p - hobgoblin
Aim: a hobgoblin (82% to hit)
The blast of sand misses the hobgoblin.
The hobgoblin barely misses you.
Unknown command.
Unknown command.
Casting: Sandblast (safe; 3% risk of failure)
Confirm with . or Enter, or press ? or * to list all spells.
Aiming: Sandblast (safe; 3% risk of failure)
Press: ? - help, Shift-Dir - straight line, f/p - hobgoblin
Aim: a hobgoblin (82% to hit)
The blast of sand hits the hobgoblin!
You kill the hobgoblin!
Unknown command.
Unknown command.
You see here a rat corpse.
You see here a ball python corpse.
Your magical contamination has completely faded away.
There is a stone staircase leading up here.
You fly upwards.
There is a stone staircase leading down here.
There is a stone staircase leading down here.
There is an open door here.
Magic restored.
You see here a stone.
You see here a stone.
There is an open door here.
There is a staircase leading out of the dungeon here.
Are you sure you want to leave the Dungeon?
This will make you lose the game!
You have escaped!

#...........#######.........#...
#.........###.(((.####.###..###.
#........##.(.((.(((##.# ##.####
#........+.(...8(....'.# #.##..
#........##(...((.(.#### ##.....
#........####..((.########..#...
########## ###'###............)
##.(...#######..###.. #...@...#
#.## #.. ###.....#######.####..
#.#######....##...####
#..............†...##
#...................#
########............#
#............# ##..........##
##...##...##


There were no monsters in sight!

Vanquished Creatures
  2 adders (D:2)
  9 ball pythons
  5 endoplasms
  2 giant cockroaches (D:2)
  6 hobgoblins
  4 quokkas (D:2)
  5 bats (D:1)
  4 frilled lizards
  3 goblins (D:1)
  8 kobolds
  4 rats
52 creatures vanquished.

Notes
Turn   | Place    | Note
-------+----------+-------------------------------------------
     0 | D:1      | protoss039 the Demonspawn Earth Elementalist began the
                  | quest for the Orb.
     0 | D:1      | Reached XP level 1. HP: 13/13 MP: 3/3
   176 | D:1      | Gained mutation: Your demonic aura sometimes causes spilled
                  | blood to erupt in flames. [demonic ancestry]
   176 | D:1      | Reached XP level 2. HP: 20/20 MP: 1/5
   410 | D:1      | Reached skill level 1 in Fighting
   482 | D:1      | Reached skill level 3 in Earth Magic
   610 | D:1      | Found a faded altar of an unknown god.
   825 | D:1      | Gained mutation: You have an unusually large brain. (Int
                  | +2) [demonic ancestry]
   825 | D:1      | Reached XP level 3. HP: 26/26 MP: 4/6
   968 | D:1      | Learned a level 2 spell: Passwall
   972 | D:1      | Learned a level 3 spell: Stone Arrow
  1550 | D:2      | Gained mutation: You regenerate magic rapidly. [demonic
                  | ancestry]
  1550 | D:2      | Reached XP level 4. HP: 33/33 MP: 5/7
  1598 | D:2      | Reached skill level 1 in Armour
  1635 | D:$      | Got out of the dungeon alive.

Illustrated notes

Levels and vault maps discovered:
D:1:      minmay_arrival_shattered_statue, layout_rooms,
          shapermc_ecumenical_altar_starsandcircs
D:2:      layout_loops_ring, minmay_goblin_kobold_house

Skill      XL: |  1  2  3  4 |
---------------+-------------+-----
Fighting       | 1 |  1.7
Earth Magic    | 3 |  3.3
Armour         | 1 |  1.0
Dodging        | |  1.7
Stealth        | |  1.7
Spellcasting   | |  2.6
Conjurations   | |  0.5
Transmutations | |  0.8

Action                   |  1- 3 |  4- 6 || total
-------------------------+-------+-------++-------
Melee: Club              |    36 |     6 ||    42
 Cast: Sandblast         |    52 |     6 ||    58
 Stab: Sleeping          |     1 |       ||     1
Armor: Robe              |    27 |     5 ||    32
Dodge: Dodged            |    40 |    12 ||    52
